 Dungeon Crawl Stone Soup version 0.22-a0-181-gb22368a (webtiles) character file.

59 Amnesiac the Digger (level 3, -3/24 HPs)
             Began as a Mummy Earth Elementalist on Feb 14, 2018.
             Was an Initiate of Ashenzari.
             Slain by a mummy (15 damage)
             ... in an ossuary.
             The game lasted 00:03:39 (936 turns).

Amnesiac the Digger (Mummy Earth Elementalist)       Turns: 936, Time: 00:03:39

Health: -3/24      AC:  2    Str: 11    XL:     3   Next: 78%
Magic:  6/7        EV: 12    Int: 15    God:    Ashenzari [......]
Gold:   41         SH:  0    Dex: 12    Spells: 5/8 levels left

rFire    x . .     SeeInvis .   g - +0 dagger
rCold    + . .     Gourm    .   (no shield)
rNeg     + + +     Faith    .   c - +0 robe
rPois    ∞         Spirit   .   (no helmet)
rElec    .         Reflect  .   (no cloak)
rCorr    .         Harm     .   (no gloves)
MR       .....                  (no boots)
Stlth    ++........             (no amulet)
HPRegen  0.08/turn              (no ring)
MPRegen  0.10/turn              (no ring)

@: marked
A: no food or potions, fire vulnerability, cold resistance 1, negative energy
resistance 3, torment resistance, unbreathing
a: Curse Item, Renounce Religion


You were in an ossuary.
You worshipped Ashenzari.
Ashenzari was noncommittal.
You were not hungry.

You visited 1 branch of the dungeon, and saw 4 of its levels.
You also visited: Ossuary.

You collected 41 gold pieces.

Inventory:

Hand Weapons
 g - a +0 dagger (weapon)
 j - a +0 hand axe of freezing
Missiles
 b - a throwing net (quivered)
Armour
 a - a +0 leather armour
 c - a +0 robe (worn)
 h - a +0 leather armour
Scrolls
 e - a scroll of remove curse {!r}
 f - a scroll of fog {!r, unknown}
 i - a scroll of enchant armour {!r, unknown}
 k - a scroll of fear {!r, unknown}
Books
 d - a book of Geomancy

   Spells                             Type                      Level
   a - Sandblast                      Earth                        1
   b - Passwall                       Transmutation/Earth          2
   c - Stone Arrow                    Conjuration/Earth            3
   d - Petrify                        Transmutation/Earth          4
   e - Lee's Rapid Deconstruction     Earth                        5


   Skills:
 - Level 1.5 Dodging
 - Level 2.0 Stealth
 + Level 3.3 Spellcasting
 - Level 1.0 Transmutations
 * Level 3.4 Earth Magic


You had 5 spell levels left.
You knew the following spells:

 Your Spells              Type           Power        Failure   Level  Hunger
a - Sandblast             Erth           ##....       4%          1    N/A
b - Passwall              Tmut/Erth      #.........   12%         2    N/A

Dungeon Overview and Level Annotations

Branches:
Dungeon (4/15)
 Temple: D:4-7

Altars:
Ashenzari
Qazlal


Innate Abilities, Weirdness & Mutations

You do not eat or drink.
Your flesh is vulnerable to fire.
You are immune to poison.
Your flesh is cold resistant. (rC+)
You are immune to negative energy. (rN+++)
You are immune to unholy pain and torment.
You can survive without breathing.


Message History

A mummy comes into view.
A large net falls down onto the mummy!
The mummy is caught in the net!
You hit the mummy.
The mummy is severely damaged.
Unknown command.
You hit the mummy.
The mummy is almost destroyed.
The mummy struggles against the net.
Unknown command.
You hit the mummy.
You destroy the mummy!
Unknown command.
You see here a throwing net.
b - a throwing net A poisoned needle hits the mummy!
Really walk into that needle trap?
You avoid triggering a needle trap.
You found a needle trap!
You hear a blaring wail to the west.
There is a needle trap here.
Really walk onto that alarm trap?
The alarm trap emits a blaring wail!
The mark upon you grows brighter.
A poisoned needle hits the mummy!
A large net falls onto you!
You become entangled in the net!
You see here a throwing net.
You struggle against the net.
A poisoned needle hits the mummy, but does no damage!
You struggle against the net.
You struggle against the net.
The mummy hits you but does no damage.
You shred the net and break free! The mummy barely misses you.
There is a gate leading back out of this place here.
There is an empty arch of ancient stone here.
An arrow hits the mummy, but does no damage!
Casting: Sandblast (safe; 4% risk of failure)
Confirm with . or Enter, or press ? or * to list all spells.
Aiming: Sandblast (safe; 4% risk of failure)
Press: ? - help, Shift-Dir - straight line, f - mummy
Aim: a mummy (lightly damaged)
You don't have any stones to cast with.
Unknown command.
Casting: Sandblast (safe; 4% risk of failure)
Confirm with . or Enter, or press ? or * to list all spells.
Okay, then.
Unknown command.
Quiver which item? (- for none, * to show all) (? for menu, Esc to quit)
Okay, then.
Unknown command.
You hear a distant blaring wail to the west.
The mummy struggles against the net.
The net rips apart, and the mummy comes free!
Really walk into that needle trap?
Okay, then.
An arrow hits the mummy!
You found an alarm trap!
You swing at nothing.
Really walk into that needle trap?
You avoid triggering a needle trap.
There is a needle trap here.
Really walk into that needle trap?
You avoid triggering a needle trap.
You found a net trap!
There is a needle trap here.
Really walk into that net trap?
A net drops to the ground!
The mummy hits you!
Ouch! That really hurt!
You die... ### ????

#########
....#+#+#+#+#+#+#+#.......###
....^........@^......^......##
..............M^^.M..........#
.....^.....^......^..∩^∩.....#
.....^..^......^.............#
......^........^^.^.........##
....#+#+#+#+#+#+#+#.^.....###
??? ######### ##


You could see 2 mummies.

Vanquished Creatures
  2 mummies (Ossuary)
  An adder (D:3)
  A worm (D:3)
  A leopard gecko (D:4)
  An orc (D:3)
  3 giant cockroaches (D:1)
  A goblin (D:3)
  2 hobgoblins (D:1)
  A kobold (D:3)
  2 quokkas
  A bat (D:1)
  A frilled lizard (D:1)
  5 rats
22 creatures vanquished.

Notes
Turn   | Place    | Note
-------+----------+-------------------------------------------
     0 | D:1      | Amnesiac the Mummy Earth Elementalist began the quest for the Orb.
     0 | D:1      | Reached XP level 1. HP: 13/13 MP: 4/4
   376 | D:1      | Reached XP level 2. HP: 19/19 MP: 3/5
   384 | D:1      | Learned a level 2 spell: Passwall
   479 | D:2      | Found a stormy altar of Qazlal.
   479 | D:2      | Noticed an air elemental
   482 | D:2      | Noticed an earth elemental
   482 | D:2      | Noticed a fire elemental
   482 | D:2      | Noticed a water elemental
   580 | D:3      | Reached skill level 1 in Transmutations
   627 | D:3      | Reached XP level 3. HP: 24/24 MP: 4/7
   757 | D:4      | Found a shattered altar of Ashenzari.
   763 | D:4      | Became a worshipper of Ashenzari the Shackled
   833 | D:4      | Found a sand-covered staircase.
   840 | Ossuary  | Entered an ossuary
   936 | Ossuary  | Slain by a mummy

Vault maps used:
D:1:      onia_arrival_larder
D:2:      minmay_diamond_boxcup, kennysheep_vampire_church,
          nicolae_qazlal_style_of_elements
D:3:      okawaru_altar_gauntlet_db
D:4:      old_standard_altar, lemuel_round_altar, minitemple,
          lemuel_temple_firewalk_b, chequers_ossuary_entry_cave
Ossuary:  ossuary_the_hunt_dpeg

Skill      XL: |  1  2  3 |
---------------+----------+-----
Spellcasting   | 3 |  3.3
Transmutations | 1 |  1.0
Earth Magic    | 3 |  3.4
Stealth        | 2 |  2.0
Dodging        | |  1.5

Action                   || total
-------------------------++-------
Melee: Unarmed           ||    39
       Dagger            ||     9
 Cast: Sandblast         ||    32
 Stab: Sleeping          ||     2
       Distracted        ||     1
       Held in net/web   ||     1
Armor: Robe              ||    11
Dodge: Dodged            ||    22

Table legend:
 A = Spawn XP
 B = Non-spawn XP
 C = Spawn XP percentage of total XP
 D = Spawn monster count
 E = Non-spawn monster count
 F = Spawn count percentage of total count
 G = Total turns spent on level
                    A         B        C        D         E        F      G
               +---------+---------+-------+---------+---------+-------+---------
         Total |       0 |      85 |   0.0 |       0 |      22 |   0.0 |   936
               +---------+---------+-------+---------+---------+-------+---------
           D:1 |       0 |      18 |   0.0 |       0 |      12 |   0.0 |   470
           D:3 |       0 |      28 |   0.0 |       0 |       7 |   0.0 |   136
           D:4 |       0 |       3 |   0.0 |       0 |       1 |   0.0 |   170
       Ossuary |       0 |      36 |   0.0 |       0 |       2 |   0.0 |    96
               +---------+---------+-------+---------+---------+-------+---------
